 Seeded DCSS version 0.29.1-15-g9cfb28693d (webtiles) character file.

Game seed: 8848703615492432762 (custom seed)

169 Psyclone the Conjurer (level 5, -3/28 HPs)
             Began as a Deep Elf Conjurer on Sept 24, 2023.
             Slain by a black bear (7 damage)
             ... on level 3 of the Dungeon.
             The game lasted 00:06:53 (2765 turns).

Psyclone the Conjurer (Deep Elf Conjurer)           Turns: 2765, Time: 00:06:53

Health: -3/28      AC:  2    Str:  4    XL:     5   Next: 25%
Magic:  6/15       EV: 12    Int: 25    God:
Gold:   110        SH:  0    Dex: 13    Spells: 8/15 levels left

rFire   . . .      SeeInvis .   f - +0 dagger
rCold   . . .      Faith    .   (no shield)
rNeg    . . .      Spirit   .   a - +0 robe
rPois   .          Reflect  .   (no helmet)
rElec   .          Harm     .   (no cloak)
rCorr   .          Rampage  .   (no gloves)
Will    .....                   (no boots)
Stlth   ++........              (no amulet)
HPRegen 0.09/turn               (no ring)
MPRegen 0.14/turn               (no ring)

@: no status effects
A: no striking features
a: no special abilities


You were on level 3 of the Dungeon.
You visited 1 branch of the dungeon, and saw 3 of its levels.

You collected 110 gold pieces.

Inventory:

Hand Weapons
 f - a +0 dagger (weapon)
Armour
 a - a +0 robe (worn)
Scrolls
 c - 2 scrolls of teleportation {unknown}
 e - a scroll of noise {unknown}
 j - a scroll of silence {unknown}
 k - a scroll of enchant armour {unknown}
 l - a scroll of summoning {unknown}
Potions
 b - a potion of magic
 d - a potion of berserk rage {unknown}
 g - 2 potions of experience {unknown}
 h - 2 potions of curing {unknown}
 i - 2 potions of brilliance {unknown}


   Skills:
 - Level 2.4 Dodging
 - Level 2.4 Stealth
 + Level 5.6 Spellcasting
 + Level 6.0 Conjurations


You had 8 spell levels left.
You knew the following spells:

 Your Spells              Type           Power      Damage    Failure   Level
a - Magic Dart            Conj           100%       1d8       1%          1
b - Searing Ray           Conj           74%        2d7       1%          2
d - Fulminant Prism       Conj/Hex       11%        3d9       22%         4

Your spell library contained the following spells:

 Spells                   Type           Power      Damage    Failure   Level
 Static Discharge         Conj/Air       22%        3-6/arc   3%          2
 Dazzling Flash           Conj/Hex       44%        N/A       7%          3
 Scorch                   Fire           14%        2d6       12%         2
 Sublimation of Blood     Necr           7%         N/A       12%         2
 Flame Wave               Conj/Fire      22%        2d8       22%         4
 Iskenderun's Mystic Bla  Conj/Tloc      22%        2d6       22%         4
 Sticky Flame             Conj/Fire      22%        2d4       22%         4
 Anguish                  Hex/Necr       3%         N/A       61%         4
 Animate Dead             Necr           7%         N/A       61%         4
 Dispel Undead            Necr           7%         3d8       61%         4
 Summon Cactus Giant      Summ           3%         N/A       100%        6
 Borgnjor's Revivificati  Necr           3%         N/A       100%        8


Dungeon Overview and Level Annotations

Branches:
Dungeon (3/15) Zot: 15232

Altars:


Message History

The magic dart hits the black bear but does no damage.
You now have 13/15 mp.
Casting: Magic Dart (safe; 1% risk of failure)
Confirm with . or Enter, or press ? or * to list all spells.
Aiming: Searing Ray (safe; 1% risk of failure)
Press: ? - help, Shift-Dir - straight line, f/p - black bear
Aim: a black bear (86% to hit)
The searing ray hits the black bear.
The black bear is lightly wounded. (Press . to maintain the ray.)
You now have 12/15 mp.
The searing ray hits the black bear!
The black bear is heavily wounded.
You now have 11/15 mp.
The searing ray hits the black bear.
The black bear is heavily wounded.
You now have 10/15 mp.
The searing ray hits the black bear.
The black bear is severely wounded.
You finish channelling your searing ray.
The black bear goes berserk!
You now have 9/15 mp.
Casting: Searing Ray (safe; 1% risk of failure)
Confirm with . or Enter, or press ? or * to list all spells.
Aiming: Searing Ray (safe; 1% risk of failure)
Press: ? - help, Shift-Dir - straight line, f/p - black bear
Aim: a black bear (severely wounded, berserk, 86% to hit)
The searing ray misses the black bear. (Press . to maintain the ray.)
The black bear bites you. The black bear closely misses you.
The black bear claws you but does no damage.
The black bear bites you. The black bear claws you.
The black bear claws you but does no damage.
You take 12 damage, and have 16/28 hp.
MASSIVE DAMAGE!!
You now have 7/15 mp.
The searing ray hits the black bear!
The black bear is almost dead.
The black bear bites you!
* * * LOW HITPOINT WARNING * * *
The black bear closely misses you. The black bear claws you!
You die...

......###.##
..... #.#
#### #.# #.#
#.# #.# #.#
#.# #h# #.#
#@# #.# #.#
#.# #.#
#.###.#
#.#...#
######.#.####
#........#<.#
#.###....#.##
#.####.#


You could see a black bear (berserk).

Vanquished Creatures
  Natasha (D:2)
  An orc wizard (D:3)
  3 adders (D:2)
  4 worms
  A dart slug (D:1)
  8 orcs (D:3)
  6 ball pythons
  5 endoplasms
  A giant cockroach (D:1)
  7 goblins
  5 hobgoblins
  4 jackals
  7 kobolds
  A quokka (D:1)
  5 bats
  2 frilled lizards (D:1)
  7 rats
68 creatures vanquished.

Notes
Turn   | Place    | Note
-------+----------+-------------------------------------------
     0 | D:1      | Psyclone the Deep Elf Conjurer began the quest for the Orb.
     0 | D:1      | Reached XP level 1. HP: 10/10 MP: 6/6
   305 | D:1      | Reached XP level 2. HP: 15/15 MP: 5/8
   705 | D:1      | Learned a level 2 spell: Searing Ray
   839 | D:1      | Reached skill level 5 in Conjurations
   839 | D:1      | Reached XP level 3. HP: 19/19 MP: 0/10
  1685 | D:2      | You fall into a shaft and drop 1 floor!
  1738 | D:3      | Reached XP level 4. HP: 13/24 MP: 7/12
  1930 | D:3      | Reached skill level 5 in Spellcasting
  1982 | D:3      | Learned a level 4 spell: Fulminant Prism
  2047 | D:3      | Noticed a black bear
  2213 | D:2      | Got the Catalogue of Evil and the Blaze
  2324 | D:2      | Reached XP level 5. HP: 28/28 MP: 6/14
  2408 | D:2      | Noticed Natasha
  2416 | D:2      | Killed Natasha
  2698 | D:3      | Reached skill level 6 in Conjurations
  2765 | D:3      | Slain by a black bear

Illustrated notes

Levels and vault maps discovered:
D:1:      minmay_arrival_widening_spiral_wide, layout_basic
D:2:      layout_loops_ring, kennysheep_nondescript, uniq_natasha
D:3:      layout_basic, hangedman_decor_lopped, kennysheep_generic_room_9

Skill      XL: |  1  2  3  4  5 |
---------------+----------------+-----
Spellcasting   | 4 5 |  5.6
Conjurations   | 5 6 |  6.0
Dodging        | |  2.4
Stealth        | |  2.4

Action                   |  1- 3 |  4- 6 || total
-------------------------+-------+-------++-------
Melee: Dagger            |     6 |    10 ||    16
       Unarmed           |     2 |       ||     2
 Cast: Magic Dart        |    67 |    13 ||    80
       Searing Ray       |     9 |    11 ||    20
 Stab: Sleeping          |     1 |     2 ||     3
Armor: Robe              |    16 |     4 ||    20
Dodge: Dodged            |    22 |     9 ||    31
